 Dungeon Crawl Stone Soup version 0.29-a0-757-g358383bc75 (webtiles) character file.

Game seed: 6599965282173424144

331 ytrimaz the Chopper (level 6, 0/49 HPs)
             Began as a Demonspawn Berserker on July 1, 2022.
             Was a Believer of Trog.
             Slain by an adder (2 damage)
             ... on level 4 of the Dungeon.
             The game lasted 00:04:26 (3215 turns).

ytrimaz the Chopper (Demonspawn Berserker)          Turns: 3215, Time: 00:04:27

Health: 0/49       AC: 18    Str: 19    XL:     6   Next: 26%
Magic:  6/6        EV:  7    Int:  8    God:    Trog [**....]
Gold:   242        SH:  0    Dex: 13    Spells: 5/5 levels left

rFire   . . .      SeeInvis .   a - +0 hand axe
rCold   . . .      Faith    .   (no shield)
rNeg    . . .      Spirit   .   i - +8 chain mail of Ilulah {rPois rCorr}
rPois   +          Reflect  .   h - +0 helmet
rElec   .          Harm     .   (cloak unavailable)
rCorr   +          Rampage  .   (no gloves)
Will    .....                   m - +0 pair of boots
Stlth   ..........              (no amulet)
HPRegen 0.16/turn               (no ring)
MPRegen 0.10/turn               (no ring)

@: on berserk cooldown, slowed, very slow
A: spiny 1, weakness stinger 3
a: Renounce Religion, Berserk, Trog's Hand


You were on level 4 of the Dungeon.
You worshipped Trog.
Trog was pleased with you.
You visited 1 branch of the dungeon, and saw 4 of its levels.

You collected 242 gold pieces.

Inventory:

Hand Weapons
 a - a +0 hand axe (weapon)
Armour
 h - a +0 helmet (worn)
 i - the +8 chain mail of Ilulah (worn) {rPois rCorr}
   (You found it on level 2 of the Dungeon)

   rPois:     It protects you from poison.
   rCorr:     It protects you from acid and corrosion.
 m - a +0 pair of boots (worn)
Wands
 l - a wand of mindburst (14)
 o - a wand of quicksilver (6)
Scrolls
 c - a scroll of teleportation
 g - a scroll of noise
 j - 2 scrolls of vulnerability
Potions
 b - a potion of heal wounds
 d - a potion of might {unknown}
 e - 3 potions of curing
 f - a potion of ambrosia {unknown}
 k - a potion of mutation {unknown}
 n - a potion of haste {unknown}
 p - a potion of flight {unknown}


   Skills:
 + Level 4.4 Fighting
 + Level 5.5 Axes
 - Level 2.0 Armour
 - Level 1.7 Dodging


You had 5 spell levels left.
You didn't know any spells.
Your spell library was empty.

Dungeon Overview and Level Annotations

Branches:
Dungeon (4/15)
 Temple: D:4-7

Altars:


Innate Abilities, Weirdness & Mutations

You are partially covered in sharp spines.
You have a sharp stinger which inflicts weakening toxins.


Message History

* * * LOW HITPOINT WARNING * * *
The gnoll hits you with a +0 club.
* * * LOW HITPOINT WARNING * * *
The gnoll hits you but does no damage. The gnoll is struck by your spines.
The gnoll hits you but does no damage. The gnoll attacks as you move away!
The gnoll hits you but does no damage.
Items here: ))) ? †.
The gnoll attacks as you move away! The gnoll is struck by your spines.
The gnoll hits you but does no damage. The gnoll closely misses you.
It was a potion of heal wounds.
You feel much better.
Your skin stops crawling.
You feel less strong-willed. The gnoll is struck by your spines.
You kill the gnoll!
Trog accepts your kill.
It was a potion of curing.
You feel better. The gnoll is struck by your spines.
The gnoll hits you with a +0 flail! The gnoll hits you but does no damage.
The gnoll hits you from afar with a +0 halberd.
You slash the gnoll!
You kill the gnoll!
Trog accepts your kill.
The gnoll hits you from afar with a +0 halberd.
The gnoll is struck by your spines. The gnoll hits you with a +0 halberd.
The gnoll hits you but does no damage.
Items here: ))))) ? ††.
You hit the gnoll.
The gnoll is heavily wounded.
The gnoll hits you with a +0 halberd!
* * * LOW HITPOINT WARNING * * *
The gnoll hits you but does no damage.
You hit the gnoll.
The gnoll is heavily wounded.
The gnoll is struck by your spines. The gnoll hits you with a +0 halberd!
* * * LOW HITPOINT WARNING * * *
You hit the gnoll.
You kill the gnoll!
Trog accepts your kill. The adder bites you.
* * * LOW HITPOINT WARNING * * *
The adder is struck by your spines. The adder bites you.
You die...

.. #.# .. #.# ### .#
##### #.. #.... #...#
##. ##.#. #.#.# #. ...
#.##.#.# #. #S# #.##.#.#
#. #S# #.##.#.####. #@#
##.##.#.##... #.#
#............ #.#
#..##.####..#
#######.####..##.####..#
.......................#
############.#########.#
#........ ..# #########
###


You could see an adder and a ball python.

Vanquished Creatures
  A bullfrog (D:4)
  A necrophage (D:4)
  An iguana (D:4)
  10 gnolls
  3 adders
  A worm (D:2)
  11 endoplasms
  4 giant cockroaches
  6 goblins (D:2)
  3 hobgoblins
  7 jackals
  4 kobolds
  2 quokkas
  A ball python (D:2)
  4 bats
  3 frilled lizards
  5 rats
67 creatures vanquished.

Vanquished Creatures (others)
  A plant (D:2)
1 creature vanquished.

Grand Total: 68 creatures vanquished

Notes
Turn   | Place    | Note
-------+----------+-------------------------------------------
     0 | D:1      | ytrimaz the Demonspawn Berserker began the quest for the
                  | Orb.
     0 | D:1      | Reached XP level 1. HP: 18/18 MP: 1/1
     6 | D:1      | You fall into a shaft and drop 1 floor!
   295 | D:2      | Reached skill level 3 in Axes
   295 | D:2      | Gained mutation: You have a small tail. [demonic ancestry]
   295 | D:2      | Reached XP level 2. HP: 9/24 MP: 2/2
   733 | D:2      | Gained mutation: You have a tail ending in a sharp stinger.
                  | [demonic ancestry]
   733 | D:2      | Reached XP level 3. HP: 23/29 MP: 3/3
  1651 | D:2      | Identified the +8 chain mail of Ilulah {rPois rCorr}
  1714 | D:2      | Gained mutation: You have a sharp stinger which inflicts
                  | weakening toxins. [demonic ancestry]
  1714 | D:2      | Reached XP level 4. HP: 36/37 MP: 4/4
  1974 | D:1      | Reached ** piety under Trog
  2650 | D:3      | Reached skill level 4 in Axes
  3041 | D:4      | Noticed a bullfrog
  3042 | D:4      | Noticed a necrophage
  3052 | D:4      | Killed a bullfrog
  3053 | D:4      | Gained mutation: You are partially covered in sharp spines.
                  | [demonic ancestry]
  3053 | D:4      | Reached XP level 5. HP: 41/42 MP: 5/5
  3063 | D:4      | Reached skill level 5 in Axes
  3164 | D:4      | Reached XP level 6. HP: 49/49 MP: 6/6
  3215 | D:4      | HP: 2/49 [adder (3)]
  3215 | D:4      | Slain by an adder

Illustrated notes

Levels and vault maps discovered:
D:1:      sevenhm_arrival_forest_fort_small_6, layout_loops_ring
D:2:      minmay_razor_zed, layout_basic, nicolae_grassy_gnolls
D:3:      layout_basic, minmay_misc_feat_pillars
D:4:      layout_loops_ring, minmay_small_thing

Skill      XL: |  1  2  3  4  5 |
---------------+----------------+-----
Axes           | 3 4 5 |  5.5
Armour         | 2 |  2.0
Fighting       | 4 |  4.4
Dodging        | |  1.7

Action                   |  1- 3 |  4- 6 || total
-------------------------+-------+-------++-------
Melee: Hand axe          |    80 |   105 ||   185
       Tailslap          |     4 |     9 ||    13
Invok: Berserk           |     2 |     1 ||     3
       Trog's Hand       |       |     1 ||     1
  Use: Scroll            |       |     6 ||     6
       Potion            |       |     2 ||     2
Armor: Animal skin       |     9 |       ||     9
       Chain mail        |    20 |    67 ||    87
Dodge: Dodged            |    54 |    53 ||   107

Table legend: (Time is in decaauts)
 A = Elapsed time spent in this place.
 B = Non-inter-level travel time spent in this place.
 C = Inter-level travel time spent in this place.
 D = Time resting spent in this place.
 E = Time spent auto-exploring this place.
 F = Levels seen in this place.
 G = Mean time per level.
                   A        B        C        D        E       F      G
               +--------+--------+--------+--------+--------+-----+--------+
         Total |   3255 |   3167 |     88 |    516 |   2039 |   4 |  813.8 |
       Dungeon |   3255 |   3167 |     88 |    516 |   2039 |   4 |  813.8 |
               +--------+--------+--------+--------+--------+-----+--------+

Top non-repeatable levels by time:
     D:2: 1953 daAuts
     D:1: 714 daAuts
     D:3: 388 daAuts
     D:4: 199 daAuts
